 Dungeon Crawl Stone Soup version 0.32-a0-732-ga344392067 (webtiles) character file.

Game seed: 5577673309840888494

16835 shadizar the Thaumaturge (level 12, -1/89 HPs)
             Began as a Djinni Conjurer on Mar 16, 2024.
             Was a High Priest of Makhleb.
             Slain by a reaper
             ... wielding a -4 scythe of freezing
              (25 damage)
             ... in an ice cave.
             The game lasted 00:17:33 (8457 turns).

shadizar the Thaumaturge (Djinni Conjurer)          Turns: 8457, Time: 00:17:34

Health: -1/89      AC: 11    Str:  6    XL:     12   Next: 75%
Gold:   763        EV: 15    Int: 26    God:    Makhleb [*****.] SH:  5 Dex: 15

rFire   + + .        (no weapon)
rCold   x . .        o - +0 buckler
rNeg    . . .        q - +2 robe {Will+}
rPois   ∞            l - +0 helmet
rElec   .            (no cloak)
rCorr   .            t - +1 pair of gloves
SInv    .            (boots unavailable)
Will    ++...        f - amulet of regeneration
Stlth   ++           b - +4 ring of protection
HPRegen 1.14/turn    j - ring "Kamuops" {Wiz Dex+4}
MPRegen 0.00/turn

%: wizardry (x1), infuse magic (-2 HP)
@: flying
A: sickness immunity, fire resistance 2, cold vulnerability 1, float, innate
caster, HP casting, extra vitality 1
a: Renounce Religion, Minor Destruction, Lesser Servant of Makhleb, Major
Destruction, Greater Servant of Makhleb


You were in an ice cave.
You worshipped Makhleb.
Makhleb was extremely pleased with you.
You visited 3 branches of the dungeon, and saw 12 of its levels.
You also visited: Ice Cave.

You collected 763 gold pieces.

Inventory:

Armour
 l - a +0 helmet (worn)
 o - a +0 buckler (worn)
 q - a +2 robe of willpower (worn)
 t - a +1 pair of gloves (worn)
 B - +0 acid dragon scales
Jewellery
 b - a +4 ring of protection (left hand)
 f - an amulet of regeneration (around neck)
 j - the ring "Kamuops" (right hand) {Wiz Dex+4}
   (You acquired it on level 5 of the Dungeon)

   [ring of wizardry]

   Wiz:       It improves your spell success rate.
   Dex+4:     It affects your dexterity (+4).
 F - an amulet of faith
Wands
 k - a wand of flame (18)
 C - a wand of acid (5)
Scrolls
 e - 2 scrolls of fog
 g - 2 scrolls of teleportation
 i - a scroll of amnesia
 m - a scroll of blinking
 n - a scroll of vulnerability
 s - 4 scrolls of summoning
 x - 3 scrolls of enchant weapon
 D - a scroll of revelation
Potions
 a - 2 potions of brilliance
 c - 2 potions of haste
 d - 2 potions of ambrosia
 h - a potion of might
 p - a potion of berserk rage
 r - a potion of attraction
 u - 5 potions of curing
 v - a potion of cancellation {unknown}
 w - a potion of enlightenment
 z - 3 potions of lignification
 A - a potion of mutation {unknown}
 E - a potion of heal wounds


   Skills:
 - Level 9.0 Fighting
 - Level 10.1 Dodging
 - Level 1.5 Stealth
 - Level 4.0 Shields
 + Level 12.2 Spellcasting
 + Level 12.2 Conjurations
 + Level 12.2 Hexes
   Level 0.0 Charms
 + Level 12.2 Summonings
 + Level 12.2 Necromancy
 + Level 12.2 Translocations
   Level 0.0 Transmutations
 + Level 12.2 Fire Magic
 + Level 12.2 Ice Magic
 + Level 12.2 Air Magic
 + Level 12.2 Earth Magic
 + Level 12.2 Alchemy


You knew the following spells:

 Your Spells              Type           Power      Damage    Failure   Level
a - Magic Dart            Conj           100%       1d8       1%          1
b - Searing Ray           Conj           100%       2d8       1%          2
c - Fulminant Prism       Conj/Alch      34%        3d16      1%          4
d - Iskenderun's Mystic   Conj/Tloc      68%        2d14      1%          4
e - Kiss of Death         Conj/Necr      100%       2d13      1%          1
f - Scorch                Fire           100%       2d9       1%          2
g - Vampiric Draining     Necr           68%        2d10      1%          3
h - Ozocubu's Armour      Ice            68%        N/A       1%          3
i - Animate Armour        Summ/Erth      100%       N/A       1%          4
Your spell library was empty.

Dungeon Overview and Level Annotations

Branches:
Dungeon (9/15)             Temple (1/1) D:4            Lair (2/5) D:8
    Orc (0/2) D:9           IceCv (1/1)
  Swamp: Lair:2-3    Shoals: Lair:2-3     Snake: Lair:2-3    Spider: Lair:2-3

Altars:
Cheibriados
Dithmenos
Elyvilon
Fedhas
Gozag
Hepliaklqana
Makhleb
Nemelex Xobeh
Okawaru
Qazlal
Ru
Uskayaw
Wu Jian
Xom
Yredelemnul
Zin
The Shining One

Shops:
D:4 (   D:7 =   D:8 (

Annotations:
D:3 1 runed translucent door, Crazy Yiuf IceCv exclusion: ice statue


Innate Abilities, Weirdness & Mutations

You are immune to sickness and miasma.
You are immune to poison.
Your flesh is very heat resistant. (rF++)
You are vulnerable to cold. (rC-)
You float through the air rather than walking.
You learn spells naturally, not from books.
Your magical power is your life essence.
You have superior vitality. (+4 MHP)


Message History

You erupt in a blast of force!
The mystic blast hits the reaper.
The reaper is lightly wounded.
The reaper is knocked back by the mystic blast.
The reaper slams into the ice covered rock wall.
Unknown command.
Unknown command.
Unknown command.
Unknown command.
Unknown command.
Unknown command.
Casting: Iskenderun's Mystic Blast (safe; 1% risk of failure)
Confirm with . or Enter, or press ? or * to list all spells.
You erupt in a blast of force!
The mystic blast hits the reaper!
The reaper is moderately wounded.
The reaper is knocked back by the mystic blast.
The reaper slams into the ice covered rock wall.
The reaper is moderately wounded.
The reaper hits you with a -4 scythe of freezing!!
The reaper freezes you!!
* * * LOW HITPOINT WARNING * * *
Unknown command.
Unknown command.
Unknown command.
Unknown command.
Press: ? - help, v - describe, . - travel
Here: a reaper, wielding a -4 scythe of freezing (moderately wounded)
The floor.
The reaper closely misses you.
Casting: Iskenderun's Mystic Blast (safe; 1% risk of failure)
Confirm with . or Enter, or press ? or * to list all spells.
Okay, then.
Casting: Iskenderun's Mystic Blast (safe; 1% risk of failure)
Confirm with . or Enter, or press ? or * to list all spells.
* * * LOW HITPOINT WARNING * * *
The reaper closely misses you. The reaper attacks as it pursues you!
You block the reaper's attack.
A two-headed ogre simulacrum comes into view.
The reaper attacks as it pursues you!
The reaper hits you from afar with a -4 scythe of freezing!!
You die...

## ##Z#
#####.# ##...
##..#2##
#..I.
#..@..[#
.....#
##.##.⌠.#
##.. ...
#..##..)# #..
..##
#.####.####.#
..# #..#####
#..# #.#
###...##
##..# ##.#
#..#...#
#..## #.##
##.#...# #.##
#.##
##.###..##
#..# #..#


You could see a reaper (ally target), a two-headed ogre simulacrum and a
friendly animated robe (summoned).

Vanquished Creatures
  A hydra (Lair:2)
  3 death yaks (Lair:2)
  A black mamba (Lair:2)
  Joseph (D:8)
  5 cane toads (Lair:1)
  Maggie (D:8)
  Jeremiah (D:8)
  An ice devil (IceCv)
  A komodo dragon (Lair:2)
  Psyche (D:9)
  2 hornets
  2 vampires
  2 wyverns (D:8)
  19 yaks
  A basilisk (D:8)
  A death yak simulacrum (IceCv)
  Edmund (D:6)
  2 steam dragons
  2 harpy simulacra (IceCv)
  6 water moccasins
  4 ice beasts
  3 orc warriors
  A sky beast (D:6)
  3 black bears
  2 ogres
  2 phantoms
  A centaur (D:6)
  2 kobold brigands
  Blork the orc (D:4)
  8 bullfrogs
  5 gnoll sergeants
  4 two-headed ogre simulacra (IceCv)
  A cane toad simulacrum (IceCv)
  4 scorpions
  15 wights
  6 killer bees (D:7)
  A crimson imp (D:6)
  5 hounds
  4 orc priests
  2 bombardier beetles
  3 gnoll boudas
  5 sleepcaps
  5 iguanas
  14 orc wizards
  2 polar bear simulacra (IceCv)
  7 spriggan simulacra (IceCv)
  4 troll simulacra (IceCv)
  3 wolf simulacra (IceCv)
  Robin (D:3)
  19 gnolls
  4 naga simulacra (IceCv)
  13 adders
  3 shadow imps
  3 white imps
  13 ufetubi
  2 dart slugs
  2 ribbon worms
  32 orcs
  6 bats
  10 endoplasms
  2 giant cockroaches
  9 goblins
  13 hobgoblins
  3 jackals (D:2)
  3 quokkas
  11 ball pythons
  A frilled lizard (D:1)
  17 kobolds
  7 rats
345 creatures vanquished.

Vanquished Creatures (others)
  37 fulminant prisms
37 creatures vanquished.

Grand Total: 382 creatures vanquished

Notes
Turn   | Place    | Note
-------+----------+-------------------------------------------
     0 | D:1      | shadizar the Djinni Conjurer began the quest for the Orb.
     0 | D:1      | shadizar set off with the following spells memorised: Magic
                  | Dart, Searing Ray, Fulminant Prism, Iskenderun's Mystic
                  | Blast.
     0 | D:1      | Reached XP level 1. HP: 15/15 MP: 0/0
    56 | D:1      | Reached XP level 2. HP: 15/21 MP: 0/0
   281 | D:1      | Reached XP level 3. HP: 22/25 MP: 0/0
   281 | D:1      | Learned a level 1 spell: Kiss of Death
  1032 | D:2      | Reached XP level 4. HP: 30/31 MP: 0/0
  1666 | D:3      | Noticed Robin
  1678 | D:3      | Killed Robin
  1755 | D:2      | Reached XP level 5. HP: 20/35 MP: 0/0
  1755 | D:2      | Learned a level 2 spell: Scorch
  1824 | D:3      | Reached skill level 5 in Spellcasting
  1824 | D:3      | Reached skill level 5 in Conjurations
  1824 | D:3      | Reached skill level 5 in Hexes
  1824 | D:3      | Reached skill level 5 in Summonings
  1824 | D:3      | Reached skill level 5 in Necromancy
  1824 | D:3      | Reached skill level 5 in Translocations
  1824 | D:3      | Reached skill level 5 in Fire Magic
  1824 | D:3      | Reached skill level 5 in Ice Magic
  1824 | D:3      | Reached skill level 5 in Air Magic
  1824 | D:3      | Reached skill level 5 in Earth Magic
  1824 | D:3      | Reached skill level 5 in Alchemy
  1863 | D:3      | Found a runed translucent door.
  1864 | D:3      | Noticed Crazy Yiuf
  2238 | D:4      | Reached XP level 6. HP: 32/40 MP: 0/0
  2262 | D:4      | Found a staircase to the Ecumenical Temple.
  2277 | Temple   | Entered the Ecumenical Temple
  2354 | D:4      | Noticed Blork the orc
  2363 | D:4      | Killed Blork the orc
  2413 | D:4      | Identified the +4 robe of Duruov {Str+2 Int+4}
  2592 | D:4      | Reached XP level 7. HP: 45/45 MP: 0/0
  2592 | D:4      | Learned a level 3 spell: Vampiric Draining
  2599 | D:4      | Found Ligolub's Weapon Shoppe.
  2826 | D:4      | Found a basalt altar of Yredelemnul.
  3011 | D:5      | Entered Level 5 of the Dungeon
  3228 | D:5      | Reached XP level 8. HP: 42/50 MP: 0/0
  3366 | D:5      | Found a shadowy altar of Dithmenos.
  3637 | D:5      | Reached XP level 9. HP: 43/55 MP: 0/0
  3637 | D:5      | Learned a level 3 spell: Ozocubu's Armour
  3845 | D:5      | Found a glowing silver altar of Zin.
  3862 | D:5      | Identified a scroll of acquirement
  3862 | D:5      | Acquired the ring "Kamuops" {Wiz Dex+4}
  4115 | D:6      | Reached skill level 1 in Fighting
  4452 | D:6      | Found a burning altar of Makhleb.
  4462 | D:6      | Became a worshipper of Makhleb the Destroyer
  4571 | D:6      | Reached skill level 5 in Dodging
  4601 | D:6      | Reached XP level 10. HP: 34/69 MP: 0/0
  4653 | D:6      | Noticed Edmund
  4655 | D:6      | Reached skill level 5 in Fighting
  4662 | D:6      | Killed Edmund
  4788 | D:7      | Reached * piety under Makhleb
  4962 | D:7      | Found Segyl's Jewellery Shoppe.
  5261 | D:7      | Reached ** piety under Makhleb
  5584 | D:8      | Noticed Joseph
  5593 | D:8      | Killed Joseph
  5595 | D:8      | Noticed Maggie
  5602 | D:8      | Reached XP level 11. HP: 32/80 MP: 0/0
  5602 | D:8      | Learned a level 4 spell: Animate Armour
  5606 | D:8      | Killed Maggie
  5608 | D:8      | Noticed Jeremiah
  5673 | D:8      | Killed Jeremiah
  5753 | D:8      | Found Muasys's Antique Weapon Shoppe.
  5780 | D:8      | Reached skill level 10 in Dodging
  5827 | D:8      | Found a staircase to the Lair.
  6027 | D:8      | Found a shimmering altar of Xom.
  6241 | D:9      | Reached skill level 1 in Shields
  6244 | D:9      | Reached *** piety under Makhleb
  6282 | D:9      | Found a staircase to the Orcish Mines.
  6916 | D:9      | Noticed Psyche
  6922 | D:9      | Killed Psyche
  6932 | D:9      | Reached skill level 10 in Spellcasting
  6932 | D:9      | Reached skill level 10 in Conjurations
  6932 | D:9      | Reached skill level 10 in Hexes
  6932 | D:9      | Reached skill level 10 in Summonings
  6932 | D:9      | Reached skill level 10 in Necromancy
  6932 | D:9      | Reached skill level 10 in Translocations
  6932 | D:9      | Reached skill level 10 in Fire Magic
  6932 | D:9      | Reached skill level 10 in Ice Magic
  6932 | D:9      | Reached skill level 10 in Air Magic
  6932 | D:9      | Reached skill level 10 in Earth Magic
  6932 | D:9      | Reached skill level 10 in Alchemy
  7137 | Lair:1   | Entered Level 1 of the Lair of Beasts
  7335 | Lair:1   | Reached XP level 12. HP: 78/89 MP: 0/0
  7899 | Lair:2   | Reached **** piety under Makhleb
  7922 | Lair:2   | Noticed a death yak
  7922 | Lair:2   | Noticed a death yak
  7923 | Lair:2   | Noticed a death yak
  7927 | Lair:2   | Noticed a four-headed hydra
  7938 | Lair:2   | Killed a four-headed hydra
  7940 | Lair:2   | Killed a death yak
  7945 | Lair:2   | Killed a death yak
  7945 | Lair:2   | Killed a death yak
  7985 | Lair:2   | Found a frozen archway.
  8007 | IceCv    | Entered an ice cave
  8204 | IceCv    | Reached ***** piety under Makhleb
  8450 | IceCv    | Noticed a reaper
  8457 | IceCv    | Slain by a reaper

Illustrated notes

Levels and vault maps discovered:
D:1:      dpeg_arrival_arbitrary_b, layout_basic
D:2:      layout_loops_cross, grunt_decor_arrowhead
D:3:      layout_rooms, nicolae_elevator_lobby_asterisk,
          uniq_crazy_yiuf_cottage, uniq_robin
D:4:      layout_loops_ring, mainiacjoe_overflow_surrounded_room,
          minmay_temple_entry_ruins, serial_shops, kennysheep_little_box,
          kennysheep_generic_room_7, uniq_blork_the_orc
D:5:      layout_loops_ring, lemuel_round_altar, zin_treasury,
          minmay_fractal_squares_diagonal_5
D:6:      minmay_octagon_keep, layout_rooms,
          grunt_temple_overflow_lords_of_destruction, kiku_gazebo_pond_becter,
          uniq_edmund
D:7:      minmay_spotlight, layout_loops_ring, serial_shops,
          nicolae_shop_crystal
D:8:      layout_basic, mainiacjoe_overflow_alcove_4, minmay_lair_entry_grove,
          serial_shops, shop, uniq_maggie, uniq_joseph, uniq_jeremiah
D:9:      layout_gridville, orc_0_dummy, uniq_psyche
Temple:   nicolae_temple_figure_eight
Lair:1:   layout_chaotic_city
Lair:2:   layout_hall_layers, portal_ice_cave_entry_pillars_1, minivault_19,
          hangedman_lair_unloving_vines, nicolae_quartered_pool_medium
IceCv:    ice_cave_caverns_01

Skill      XL: |  1  2  3  4  5  6  7  8  9 10 11 12 |
---------------+-------------------------------------+-----
Spellcasting   | 4 5 6 7 9 10 12 | 12.2
Conjurations   | 4 5 6 7 9 10 12 | 12.2
Hexes          | 4 5 6 7 9 10 12 | 12.2
Summonings     | 4 5 6 7 9 10 12 | 12.2
Necromancy     | 4 5 6 7 9 10 12 | 12.2
Translocations | 4 5 6 7 9 10 12 | 12.2
Fire Magic     | 4 5 6 7 9 10 12 | 12.2
Ice Magic      | 4 5 6 7 9 10 12 | 12.2
Air Magic      | 4 5 6 7 9 10 12 | 12.2
Earth Magic    | 4 5 6 7 9 10 12 | 12.2
Alchemy        | 4 5 6 7 9 10 12 | 12.2
Fighting       | 4 7 9 |  9.0
Dodging        | 5 8 10 | 10.1
Shields        | 4 |  4.0
Stealth        | |  1.5

Action                     |  1- 3 |  4- 6 |  7- 9 | 10-12 || total
---------------------------+-------+-------+-------+-------++-------
  Melee: Unarmed           |       |       |     3 |     9 ||    12
   Cast: Magic Dart        |    85 |   117 |   159 |    32 ||   393
         Searing Ray       |     1 |     2 |     1 |       ||     4
         Scorch            |       |     5 |    22 |       ||    27
         Fulminant Prism   |       |       |    17 |    22 ||    39
         Iskenderun's Myst |       |       |    32 |   237 ||   269
         Animate Armour    |       |       |       |     1 ||     1
    Use: Scroll            |       |       |    10 |    11 ||    21
         Potion            |       |       |       |     1 ||     1
 Armour: Robe              |     6 |    21 |    47 |    37 ||   111
  Dodge: Dodged            |    17 |    21 |    21 |    57 ||   116
  Block: Buckler           |       |       |       |     7 ||     7

Table legend: (Time is in decaauts)
 A = Elapsed time spent in this place.
 B = Non-inter-level travel time spent in this place.
 C = Inter-level travel time spent in this place.
 D = Time resting spent in this place.
 E = Time spent auto-exploring this place.
 F = Levels seen in this place.
 G = Mean time per level.
                   A        B        C        D        E       F      G
               +--------+--------+--------+--------+--------+-----+--------+
         Total |   8460 |   8179 |    281 |      0 |   6365 |  13 |  650.8 |
       Dungeon |   7138 |   6894 |    244 |      0 |   5508 |   9 |  793.1 |
        Temple |      1 |      1 |      0 |      0 |      0 |   1 |    1.0 |
          Lair |    869 |    833 |     36 |      0 |    632 |   2 |  434.5 |
      Ice Cave |    449 |    449 |      0 |      0 |    225 |   1 |  449.0 |
               +--------+--------+--------+--------+--------+-----+--------+

Top non-repeatable levels by time:
     D:2: 972 daAuts
     D:5: 970 daAuts
     D:7: 889 daAuts
     D:9: 856 daAuts
     D:6: 798 daAuts
     D:4: 779 daAuts
  Lair:1: 759 daAuts
     D:1: 643 daAuts
     D:3: 615 daAuts
     D:8: 613 daAuts
   IceCv: 449 daAuts
  Lair:2: 110 daAuts
  Temple: 1 daAuts
